 Dungeon Crawl Stone Soup version 0.29-a0-25-g7f48f510a0 (webtiles) character file.

Game seed: 10407896266432970092

41 lunkers the Poker (level 3, -1/28 HPs)
             Began as a Merfolk Gladiator on Jan 31, 2022.
             Succumbed to an adder's poison
             ... on level 2 of the Dungeon.
             The game lasted 00:03:00 (1271 turns).

lunkers the Poker (Merfolk Gladiator)               Turns: 1271, Time: 00:03:00

Health: -1/28      AC:  7    Str: 14    XL:     3   Next: 52%
Magic:  3/3        EV: 10    Int:  7    God:
Gold:   76         SH:  0    Dex: 17    Spells: 2/2 levels left

rFire   . . .      SeeInvis .   a - +0 trident
rCold   . . .      Faith    .   (no shield)
rNeg    . . .      Spirit   .   f - +0 scale mail
rPois   .          Reflect  .   c - +0 helmet
rElec   .          Harm     .   (no cloak)
rCorr   .          Rampage  .   (no gloves)
Will    .....                   (no boots)
Stlth   ..........              (no amulet)
HPRegen 0.09/turn               (no ring)
MPRegen 0.08/turn               (no ring)

@: lethally poisoned (-1 -> -7)
A: (nimble swimmer 2), mertail
a: no special abilities


You were on level 2 of the Dungeon.
You visited 1 branch of the dungeon, and saw 2 of its levels.

You collected 76 gold pieces.

Inventory:

Hand Weapons
 a - a +0 trident (weapon)
Missiles
 d - 3 throwing nets
Armour
 b - a +0 leather armour
 c - a +0 helmet (worn)
 f - a +0 scale mail (worn)
Scrolls
 e - a scroll of blinking {unknown}
 g - a scroll of identify {unknown}
 j - a scroll of magic mapping {unknown}
Potions
 h - a potion of flight {unknown}
 i - a potion of brilliance {unknown}
 k - a potion of haste {unknown}


   Skills:
 + Level 2.9 Fighting
 * Level 5.9 Polearms
 - Level 2.0 Throwing
 - Level 4.0 Dodging


You had 2 spell levels left.
You didn't know any spells.
Your spell library was empty.

Dungeon Overview and Level Annotations

Branches:
Dungeon (2/15)

Altars:


Innate Abilities, Weirdness & Mutations

((You are very nimble when in or above water. (Stealth+, EV+, Speed+++)))
Your lower body shifts to a powerful aquatic tail in water.


Message History

The adder closely misses you. The adder bites you.
* * * LOW HITPOINT WARNING * * *
The adder barely misses you. The adder bites you but does no damage.
Reach: a) +0 trident
Press: ? - help, Dir - move target, f/p - adder
Aim: an adder (moderately wounded, about 56% to evade your +0 trident)
You closely miss the adder.
The adder is moderately wounded.
The adder closely misses you. The adder barely misses you.
Unknown command.
Reach: a) +0 trident
Press: ? - help, Dir - move target, f/p - adder
Aim: an adder (moderately wounded, about 56% to evade your +0 trident)
You miss the adder.
The adder is moderately wounded.
The adder bites you.
* * * LOW HITPOINT WARNING * * *
The adder bites you.
* * * LOW HITPOINT WARNING * * *
You are poisoned.
The adder poisons you!
You feel sick. The adder bites you.
* * * LOW HITPOINT WARNING * * *
You are lethally poisoned!
The adder poisons you!
Unknown command.
* * * LOW HITPOINT WARNING * * *
You feel sick.
* * * LOW HITPOINT WARNING * * *
You feel sick.
* * * LOW HITPOINT WARNING * * *
You feel sick.
* * * LOW HITPOINT WARNING * * *
You feel sick. The adder bites you.
* * * LOW HITPOINT WARNING * * *
You are more poisoned.
The adder poisons you!
* * * LOW HITPOINT WARNING * * *
You feel sick.
You die...

#..........#####J...........
#....†.....# ###....).##..
#.......<..######.).....## .
#........†....#.............
#.............#.J......###..
##.########...J........... .
#.# #..S...#########
#.#########.S...#
#.........@.....#
###########.....# #######


You could see 2 adders and 2 endoplasms.

Vanquished Creatures
  8 ball pythons
  5 endoplasms (D:1)
  4 goblins
  7 hobgoblins
  3 jackals (D:1)
  4 kobolds (D:1)
  A quokka (D:1)
  A frilled lizard (D:1)
  2 rats
35 creatures vanquished.

Notes
Turn   | Place    | Note
-------+----------+-------------------------------------------
     0 | D:1      | lunkers the Merfolk Gladiator began the quest for the Orb.
     0 | D:1      | Reached XP level 1. HP: 16/16 MP: 1/1
   308 | D:1      | Reached skill level 5 in Polearms
   308 | D:1      | Reached XP level 2. HP: 12/23 MP: 2/2
   572 | D:1      | Found a faded altar of an unknown god.
   859 | D:1      | Reached XP level 3. HP: 28/28 MP: 3/3
  1270 | D:2      | HP: 1/28 [poisoned by an adder]
  1271 | D:2      | Succumbed to an adder's poison

Illustrated notes

Levels and vault maps discovered:
D:1:      minmay_arrival_diagonal_passages, layout_loops_ring,
          hellmonk_ecumenical_altar_arch_garden, minmay_pentomino_z4
D:2:      layout_rooms, serial_shops, nicolae_shop_crystal

Skill      XL: |  1 |
---------------+----+-----
Polearms       | 5 |  5.9
Fighting       | |  2.9
Throwing       | |  2.0
Dodging        | |  4.0

Action                   || total
-------------------------++-------
Melee: Trident           ||   128
       Punch             ||     1
Armor: Scale mail        ||    50
Dodge: Dodged            ||    70

Table legend: (Time is in decaauts)
 A = Elapsed time spent in this place.
 B = Non-inter-level travel time spent in this place.
 C = Inter-level travel time spent in this place.
 D = Time resting spent in this place.
 E = Time spent auto-exploring this place.
 F = Levels seen in this place.
 G = Mean time per level.
                   A        B        C        D        E       F      G
               +--------+--------+--------+--------+--------+-----+--------+
         Total |   1275 |   1252 |     23 |      0 |    967 |   2 |  637.5 |
       Dungeon |   1275 |   1252 |     23 |      0 |    967 |   2 |  637.5 |
               +--------+--------+--------+--------+--------+-----+--------+

Top non-repeatable levels by time:
     D:1: 1155 daAuts
     D:2: 120 daAuts
